 Dungeon Crawl Stone Soup version 0.26.1-10-gdfb7c7de75 (webtiles) character file.

Game seed: 11623221912508871303

385 nightchill the Chopper (level 6, -1/58 HPs)
             Began as a Deep Dwarf Fighter on Apr 5, 2021.
             Was an Initiate of Makhleb.
             Slain by an ogre
             ... wielding a +0 giant spiked club
              (17 damage)
             ... on level 4 of the Dungeon.
             The game lasted 00:05:42 (2721 turns).

nightchill the Chopper (Deep Dwarf Fighter)         Turns: 2721, Time: 00:05:42

Health: -1/58      AC:  8    Str: 21    XL:     6   Next: 48%
Magic:  6/6        EV:  7    Int:  9    God:    Makhleb [......]
Gold:   244        SH:  9    Dex: 12    Spells: 5/5 levels left

rFire    . . .     SeeInvis .   u - +2 short sword (vamp)
rCold    . . .     Faith    .   c - +0 kite shield
rNeg     . . .     Spirit   .   b - +0 scale mail
rPois    .         Reflect  .   n - +0 helmet
rElec    .         Harm     .   (no cloak)
rCorr    .         Rampage  .   (no gloves)
Will     .....                  (no boots)
Stlth    ..........             (no amulet)
HPRegen  0.00/turn              (no ring)
MPRegen  0.10/turn              (no ring)

@: non-regenerating
A: damage resistance, heal wounds, sense surroundings 1, no regeneration
a: Heal Wounds, Renounce Religion


You were on level 4 of the Dungeon.
You worshipped Makhleb.
Makhleb was noncommittal.
You visited 1 branch of the dungeon, and saw 4 of its levels.

You collected 244 gold pieces.

Inventory:

Hand Weapons
 a - a +0 war axe
 u - a +2 vampiric short sword (weapon)
Missiles
 k - a throwing net
Armour
 b - a +0 scale mail (worn)
 c - a +0 kite shield (worn)
 n - a +0 helmet (worn)
Jewellery
 i - an uncursed amulet of the acrobat {unknown}
 j - a cursed -4 ring of intelligence {unknown}
 q - an uncursed ring of magical power {unknown}
 t - an uncursed amulet of faith {unknown}
 x - an uncursed ring of fire {unknown}
Scrolls
 f - 5 scrolls of amnesia {unknown}
 g - 5 scrolls of teleportation {unknown}
 m - a scroll of identify {unknown}
 o - 2 scrolls of magic mapping {unknown}
 w - 2 scrolls of remove curse {unknown}
 y - a scroll of enchant weapon {unknown}
Potions
 d - 3 potions of might
 e - a potion of attraction {unknown}
 h - 3 potions of haste {unknown}
 l - a potion of brilliance {unknown}
 p - 3 potions of curing {unknown}
 r - a potion of heal wounds {unknown}
 s - a potion of resistance
 v - a potion of degeneration {unknown}


   Skills:
 + Level 4.4 Fighting
 * Level 1.5 Short Blades
 - Level 5.9 Axes
 - Level 3.2 Armour
 - Level 3.2 Shields
 + Level 0.5 Invocations


You had 5 spell levels left.
You didn't know any spells.
Your spell library was empty.

Dungeon Overview and Level Annotations

Branches:
Dungeon (4/15)
 Temple: D:4-7

Altars:
Hepliaklqana
Kikubaaqudgha
Makhleb
Wu Jian
Xom

Annotations:
D:3 1 runed translucent door, Crazy Yiuf


Innate Abilities, Weirdness & Mutations

You are resistant to damage.
You can heal yourself by infusing magical energy.
You passively map a small area around you.
You do not regenerate.


Message History

You hit the ogre.
You feel better.
The ogre is lightly wounded.
The ogre barely misses you.
You hit the ogre.
You feel better.
The ogre is lightly wounded.
The ogre hits you with a +0 giant spiked club!
* * * LOW HITPOINT WARNING * * *
You hit the ogre.
You feel better.
The ogre is moderately wounded.
You hit the ogre.
You feel better.
The ogre is moderately wounded.
The ogre hits you with a +0 giant spiked club!!
* * * LOW HITPOINT WARNING * * *
You puncture the ogre!
You feel better.
The ogre is severely wounded.
You block the ogre's attack.
You completely miss the ogre.
The ogre is severely wounded.
The ogre hits you with a +0 giant spiked club!!
You die...

*
#...###.#.##..#
*
*#.............#
##.####.#.###.#
, * * * #.
###.#.# #.# ,
,,.. #.....# #.#
#. #.#.#.# #.# *
* * #. #.#.#.#
#.#
#.###.##>#.#.#
#.# ,
*#.$..O@..#.#.#
#.#
#.###.####.#.#
#.# * #. #.#.# ,
* #. * #.#.#
,..,, , * ## * *
, ,


You could see an ogre.

Vanquished Creatures
  An ogre (D:2)
  An orc wizard (D:2)
  Terence (D:3)
  Jessica (D:3)
  Natasha (thrice) (D:2)
  Robin (D:2)
  3 adders
  3 worms
  3 dart slugs
  5 orcs
  10 bats
  6 giant cockroaches
  6 goblins
  16 hobgoblins
  12 kobolds
  A quokka (D:2)
  3 ball pythons (D:1)
  5 frilled lizards
  10 rats
91 creatures vanquished.

Notes
Turn   | Place    | Note
-------+----------+-------------------------------------------
     0 | D:1      | nightchill the Deep Dwarf Fighter began the quest for the
                  | Orb.
     0 | D:1      | Reached XP level 1. HP: 20/20 MP: 1/1
    60 | D:1      | Reached XP level 2. HP: 25/27 MP: 2/2
    89 | D:1      | Reached skill level 3 in Axes
   502 | D:1      | Found a shimmering altar of Xom.
   504 | D:1      | Found a shimmering altar of Xom.
   504 | D:1      | Found an ancient bone altar of Kikubaaqudgha.
   509 | D:1      | Found an ancient bone altar of Kikubaaqudgha.
   509 | D:1      | Found a shimmering altar of Xom.
   509 | D:1      | Found a hazy altar of Hepliaklqana.
   650 | D:1      | Reached XP level 3. HP: 27/34 MP: 3/3
   903 | D:2      | Noticed Natasha
   912 | D:2      | Killed Natasha
   913 | D:2      | Reached skill level 4 in Axes
   936 | D:2      | Noticed Robin
   951 | D:2      | Killed Robin
   952 | D:2      | Reached XP level 4. HP: 24/42 MP: 4/4
  1058 | D:2      | Noticed Natasha
  1066 | D:2      | Killed Natasha
  1373 | D:2      | Noticed an ogre
  1377 | D:2      | Noticed Natasha
  1391 | D:2      | Killed an ogre
  1392 | D:2      | Reached skill level 5 in Axes
  1392 | D:2      | Reached XP level 5. HP: 20/50 MP: 5/5
  1397 | D:2      | Killed Natasha
  1554 | D:2      | Reached XP level 6. HP: 44/57 MP: 6/6
  1646 | D:2      | Found a faded altar of an unknown god.
  1838 | D:2      | Found a shimmering altar of Xom.
  2187 | D:3      | Found a runed translucent door.
  2188 | D:3      | Noticed Crazy Yiuf
  2306 | D:3      | Noticed Terence
  2340 | D:3      | Killed Terence
  2341 | D:3      | Reached skill level 1 in Short Blades
  2525 | D:3      | Found a burning altar of Makhleb.
  2527 | D:3      | Found an ornate altar of the Wu Jian Council.
  2534 | D:3      | Became a worshipper of Makhleb the Destroyer
  2576 | D:3      | Noticed Jessica
  2582 | D:3      | Killed Jessica
  2721 | D:4      | Slain by an ogre

Illustrated notes

Levels and vault maps discovered:
D:1:      dpeg_arrival_leaves_temple_mockup, layout_loops_ring,
          doesnt_xom_only_xom
D:2:      layout_loops_corners, nicolae_overflow_hidden_temple,
          chequers_ecumenical_altar_grove, uniq_robin, uniq_natasha
D:3:      layout_rooms, chequers_temple_overflow_statue_of_worship,
          uniq_crazy_yiuf_cottage, uniq_terence, uniq_jessica
D:4:      layout_basic, nicolae_ossuary_entry_giza, serial_shops, shop,
          uniq_duvessa

Skill      XL: |  1  2  3  4  5  6 |
---------------+-------------------+-----
Axes           | 3 4 5 |  5.9
Fighting       | 3 4 |  4.4
Short Blades   | 1 |  1.5
Armour         | |  3.2
Shields        | |  3.2
Invocations    | |  0.5

Action                   |  1- 3 |  4- 6 || total
-------------------------+-------+-------++-------
Melee: War axe           |    88 |   108 ||   196
       Short sword       |       |    98 ||    98
 Abil: Heal Wounds       |     1 |     1 ||     2
Armor: Scale mail        |    41 |    85 ||   126
Dodge: Dodged            |    32 |    42 ||    74
Block: Kite shield       |    53 |   109 ||   162
